 Dungeon Crawl Stone Soup version 0.28-a0-751-gef3a642a4e (webtiles) character file.

Game seed: 18213866294544609975

21 croobank the Digger (level 2, -5/15 HPs)
             Began as a Gargoyle Earth Elementalist on Oct 31, 2021.
             Slain by a gnoll (9 damage)
             ... on level 2 of the Dungeon.
             The game lasted 00:05:52 (1329 turns).

croobank the Digger (Gargoyle Earth Elementalist)   Turns: 1329, Time: 00:05:53

Health: -5/15      AC:  5    Str: 11    XL:     2   Next: 83%
Magic:  0/5        EV: 12    Int: 15    God:
Gold:   14         SH:  0    Dex: 10    Spells: 3/5 levels left

rFire   . . .      SeeInvis .   d - +0 rapier
rCold   . . .      Faith    .   (no shield)
rNeg    + . .      Spirit   .   b - +0 robe
rPois   ∞          Reflect  .   (no helmet)
rElec   +          Harm     .   (no cloak)
rCorr   .          Rampage  .   k - +0 pair of gloves
Will    .....                   (no boots)
Stlth   ++........              (no amulet)
HPRegen 0.05/turn               (no ring)
MPRegen 0.09/turn               (no ring)

@: very slightly contaminated
A: sickness immunity, AC +2, negative energy resistance 1, electricity
resistance, torment resistance 1, petrification resistance
a: no special abilities


You were on level 2 of the Dungeon.
You visited 1 branch of the dungeon, and saw 2 of its levels.

You collected 14 gold pieces.

Inventory:

Hand Weapons
 d - a +0 rapier (weapon)
 h - a +3 dagger
Missiles
 a - 16 arrows
 c - 37 stones
Armour
 b - a +0 robe (worn)
 f - a +0 plate armour
 k - a +0 pair of gloves (worn)
Potions
 j - a potion of attraction {unknown}
 l - a potion of might {unknown}
 m - a potion of haste {unknown}


   Skills:
 + Level 1.6 Dodging
 + Level 2.3 Stealth
 + Level 2.2 Spellcasting
 + Level 0.7 Transmutations
 + Level 4.4 Earth Magic


You had 3 spell levels left.
You knew the following spells:

 Your Spells              Type           Power      Damage    Failure   Level
a - Sandblast             Erth           30%        2d9       3%          1
b - Animate Skeleton      Necr           2%         N/A       22%         1

Your spell library contained the following spells:

 Spells                   Type           Power      Damage    Failure   Level
 Passwall                 Tmut/Erth      7%         N/A       12%         2
 Pain                     Necr           4%         1d4       22%         1
 Stone Arrow              Conj/Erth      16%        3d8       26%         3
 Vampiric Draining        Necr           0%         2d6       54%         3
 Petrify                  Tmut/Erth      9%         N/A       58%         4


Dungeon Overview and Level Annotations

Branches:
Dungeon (2/15)

Altars:


Innate Abilities, Weirdness & Mutations

You are immune to sickness and miasma.
Your stone body is resilient. (AC +2)
You are immune to poison.
You resist negative energy. (rN+)
You are resistant to electric shocks. (rElec)
You are resistant to unholy torment.
You are immune to petrification.


Message History

You are very lightly contaminated with residual magic.
Nothing appears to happen.
The gnoll misses you.
The gnoll hits you from afar with a +0 spear.
The gnoll barely misses you. x2
The adder bites you.
Aiming: Sandblast (safe; 3% risk of failure)
Press: ? - help, Q - select action, (/) - cycle Shift-Dir - straight line, f - adder
Aim: an adder (66% to hit)
You miscast Sandblast.
Nothing appears to happen.
The adder misses you. The gnoll closely misses you.
Aiming: Sandblast (safe; 3% risk of failure)
Press: ? - help, Q - select action, (/) - cycle Shift-Dir - straight line, f/p - adder
Aim: an adder (66% to hit)
The blast of sand hits the adder!
You kill the adder!
The frilled lizard bites you.
* * * LOW HITPOINT WARNING * * *
You feel better. The frilled lizard misses you.
The gnoll hits you with a +0 flail of protection.
Aiming: Sandblast (safe; 3% risk of failure)
Press: ? - help, Q - select action, (/) - cycle Shift-Dir - straight line, f - gnoll
Aim: a gnoll, wielding a +0 flail of protection (82% to hit)
The blast of sand hits the gnoll.
The gnoll is moderately wounded.
The gnoll closely misses you. The frilled lizard closely misses you.
The gnoll hits you but does no damage.
You don't have enough magic to cast this spell.
You don't have enough magic to cast this spell.
You hit the gnoll but do no damage.
The gnoll is moderately wounded.
The gnoll completely misses you. The frilled lizard barely misses you.
The gnoll hits you with a +0 flail of protection.
* * * LOW HITPOINT WARNING * * *
The frilled lizard barely misses you. The gnoll barely misses you.
This is a scroll of acquirement!
Something appears at your feet!
The gnoll hits you with a +0 flail of protection!
Ouch! That really hurt!
You die...

.### ....
...# .
...#..
#......
####g......
#@#........
#lgg.......
#..........
#..........
#..........
#.........#
#.........#
#..#.....##
#..##...##


You could see 2 gnolls and a frilled lizard.

Vanquished Creatures
  An adder (D:2)
  A dart slug (D:1)
  3 goblins (D:1)
  A hobgoblin (D:1)
  2 quokkas (D:1)
  A rat (D:1)
9 creatures vanquished.

Notes
Turn   | Place    | Note
-------+----------+-------------------------------------------
     0 | D:1      | croobank the Gargoyle Earth Elementalist began the quest
                  | for the Orb.
     0 | D:1      | Reached XP level 1. HP: 10/10 MP: 3/3
   466 | D:1      | Reached skill level 4 in Earth Magic
   557 | D:1      | Reached XP level 2. HP: 15/15 MP: 3/5
   609 | D:1      | Learned a level 1 spell: Animate Skeleton
  1329 | D:2      | Identified a scroll of acquirement
  1329 | D:2      | Acquired the +7 demon blade of World Downfall {drain, rF+
                  | Will+ Int+5}
  1329 | D:2      | Slain by a gnoll

Illustrated notes

Levels and vault maps discovered:
D:1:      dpeg_arrival_connections, layout_basic
D:2:      layout_rooms, ebering_ecumenical_altar_abandoned, minivault_23,
          uniq_crazy_yiuf_cottage, uniq_natasha

Skill      XL: |  1 |
---------------+----+-----
Earth Magic    | 4 |  4.4
Dodging        | |  1.6
Stealth        | |  2.3
Spellcasting   | |  2.2
Transmutations | |  0.7

Action                   || total
-------------------------++-------
Melee: Rapier            ||     7
 Cast: Sandblast         ||    12
  Use: Scroll            ||     5
       Potion            ||     1
Armor: Robe              ||     3
Dodge: Dodged            ||    15

Table legend: (Time is in decaauts)
 A = Elapsed time spent in this place.
 B = Non-inter-level travel time spent in this place.
 C = Inter-level travel time spent in this place.
 D = Time resting spent in this place.
 E = Time spent auto-exploring this place.
 F = Levels seen in this place.
 G = Mean time per level.
                   A        B        C        D        E       F      G
               +--------+--------+--------+--------+--------+-----+--------+
         Total |   1329 |   1260 |     69 |      0 |   1132 |   2 |  664.5 |
       Dungeon |   1329 |   1260 |     69 |      0 |   1132 |   2 |  664.5 |
               +--------+--------+--------+--------+--------+-----+--------+

Top non-repeatable levels by time:
     D:1: 1319 daAuts
     D:2: 10 daAuts
